 Dungeon Crawl Stone Soup version 0.31-a0-810-ga77100ea1a (console) character file.

Game seed: 17891585345322361556

1885539 elliptic the Conqueror (level 27, 228/228 HPs)
             Began as a Djinni Warper on Sept 21, 2023.
             Was a High Priest of Okawaru.
             Escaped with the Orb
             ... and 3 runes!
             The game lasted 03:56:29 (55000 turns).

elliptic the Conqueror (Djinni Warper)             Turns: 55000, Time: 03:56:30

Health: 228/228    AC: 14    Str: 12    XL:     27
Gold:   6697       EV: 47    Int: 14    God:    Okawaru [*****.] SH: 14 Dex: 44

rFire   + + .        a - +4 double sword (heavy)
rCold   . . .        A - +3 buckler
rNeg    + . .        E - +2 leather armour "Voacu" {Regen+ Slay+2, nodragon}
rPois   inf          (helmet restricted)
rElec   +            L - +2 cloak of Macaroni {rElec Dex+6}
rCorr   .            r - +2 pair of gloves {Stlth+}
SInv    .            (boots unavailable)
Will    +++..        V - amulet of regeneration
Stlth   +            Y - ring of Omoisaen {rC+ rN+ Will+ Str+2 Dex+6}
HPRegen 2.98/turn    K - +6 ring of dexterity
MPRegen 0.00/turn

%: no passive effects
@: flying, hasted, glowing, studying 2 skills, very quick
A: sickness immunity, fire resistance 2, cold vulnerability 1, float, innate
caster, HP casting, extra vitality 1, antennae 1, dopey 1, regeneration 1,
shaggy fur 1
0: Orb of Zot
}: 3/15 runes: decaying, silver, gossamer
a: Renounce Religion, Heroism, Finesse, Duel


You escaped.
You worshipped Okawaru.
Okawaru was extremely pleased with you.
You visited 12 branches of the dungeon, and saw 52 of its levels.
You visited the Abyss 1 time.
You also visited: Gauntlet, Ice Cave and Desolation.

You collected 9027 gold pieces.
You spent 2330 gold pieces at shops.


Innate Abilities, Weirdness & Mutations

You are immune to sickness and miasma.
You are immune to poison.
Your flesh is very heat resistant. (rF++)
You are vulnerable to cold. (rC-)
You float through the air rather than walking.
You learn spells naturally, not from books.
Your magical power is your life essence.
You have superior vitality. (+4 MHP)
You have a pair of small antennae on your head.
You are dopey. (Int -2)
Your natural rate of healing is unusually fast.
You are covered in fur. (AC +1)


   Skills:
 O Level 27 Fighting
 - Level 16.0 Long Blades
 - Level 0.7 Throwing
 - Level 11.0 Armour
 - Level 22.0 Dodging
 - Level 11.2 Shields
 + Level 20.4 Spellcasting
 + Level 20.4 Conjurations
 + Level 20.4 Hexes
   Level 0.0 Charms
 + Level 20.4 Summonings
 + Level 20.4 Necromancy
 + Level 20.4 Translocations
 + Level 20.4 Transmutations
 + Level 20.4 Fire Magic
 + Level 25.7 Ice Magic
 + Level 22.5 Air Magic
 + Level 20.4 Earth Magic
 + Level 20.4 Poison Magic
 - Level 12.0 Invocations


You knew the following spells:

 Your Spells              Type           Power      Damage    Failure   Level
a - Manifold Assault      Tloc           64%        N/A       0%          4
b - Vhi's Electric Charg  Tloc/Air       100%       N/A       0%          4
c - Dazzling Flash        Conj/Hex       100%       N/A       0%          3
d - Irradiate             Conj/Tmut      32%        3d22      1%          5
e - Enfeeble              Hex            32%        N/A       1%          7
m - Metabolic Englaciati  Hex/Ice        34%        N/A       0%          5
q - Chain Lightning       Conj/Air       32%        3d43      63%         9
v - Blink                 Tloc           100%       N/A       0%          2
J - Disjunction           Tloc           32%        N/A       8%          8
R - Death Channel         Necr           32%        N/A       1%          6
S - Summon Cactus Giant   Summ           32%        N/A       1%          6
T - Magic Dart            Conj           100%       1d8       0%          1
U - Simulacrum            Ice/Necr       34%        N/A       1%          6
V - Monstrous Menagerie   Summ           32%        N/A       1%          7
W - Fulminant Prism       Conj/Hex       32%        3d16      0%          4
X - Teleport Other        Tloc           64%        N/A       0%          3
Y - Call Imp              Summ           100%       N/A       0%          2
Z - Lesser Beckoning      Tloc           100%       N/A       0%          2
Your spell library was empty.

Inventory:

Hand Weapons
 a - a +4 heavy double sword (weapon)
 b - a +9 double sword of flaming
Missiles
 h - 13 curare-tipped darts
 T - 2 throwing nets
Armour
 d - the +1 robe "Xomezosch" {Will+ Int-2 Stlth+ Archmagi}
   (You found it on level 3 of the Vaults)

   Int-2:     It affects your intelligence (-2).
   Will+:     It increases your willpower.
   Stlth+:    It makes you more stealthy.
   Archmagi:  It increases the power of your magical spells.
 q - the +2 helmet "Unoyxa" {rN+}
   (Okawaru gifted it to you on level 3 of the Lair of Beasts)

   rN+:       It protects you from negative energy.
 r - a +2 pair of gloves of stealth (worn)
 v - the +5 ring mail of Olaus {rN++ Str+8}
   (You found it in the Desolation of Salt)

   Str+8:     It affects your strength (+8).
   rN++:      It greatly protects you from negative energy.
 y - a +4 ring mail of fire resistance
 A - a +3 buckler (worn)
 E - the +2 leather armour "Voacu" (worn) {Regen+ Slay+2, nodragon}
   (You found it on level 8 of the Dungeon)

   Slay+2:    It affects your accuracy & damage with ranged weapons and melee
   (+2).
   Regen+:    It increases your rate of health regeneration.
 L - the +2 cloak of Macaroni (worn) {rElec Dex+6}
   (You found it on level 4 of the Spider Nest)

   Dex+6:     It affects your dexterity (+6).
   rElec:     It insulates you from electricity.
 W - a +1 kite shield of cold resistance
Jewellery
 C - a ring of the Octopus King {rC+ HP+2 AC+2 EV+2 SH+2}
   (You found it on level 5 of the Lair of Beasts)

   [ring of protection from cold]

   AC+2:      It affects your AC (+2).
   EV+2:      It affects your evasion (+2).
   rC+:       It protects you from cold.
   HP+2:      It affects your health (+2).
   SH+2:      It affects your SH (+2).
 G - the ring of the Lusting Gods {rF+ rN+ Str+2 Int+2}
   (You found it on level 3 of the Crypt)

   [ring of positive energy]

   Str+2:     It affects your strength (+2).
   Int+2:     It affects your intelligence (+2).
   rF+:       It protects you from fire.
   rN+:       It protects you from negative energy.
 J - the ring "Vokoh" {Ice rElec Int+2 SInv Stlth-}
   (You took it off Josephina on level 4 of the Depths)

   [ring of ice]

   Ice:       It enhances your ice magic.
   Int+2:     It affects your intelligence (+2).
   rF-:       It makes you vulnerable to fire.
   rC+:       It protects you from cold.
   rElec:     It insulates you from electricity.
   SInv:      It lets you see invisible.
   Stlth-:    It makes you less stealthy.
 K - a +6 ring of dexterity (right hand)
 N - the ring "Onket" {+Blink rPois rC+ AC+4 Str-5}
   (You found it in the Desolation of Salt)

   [ring of protection]

   AC+4:      It affects your AC (+4).
   Str-5:     It affects your strength (-5).
   rC+:       It protects you from cold.
   rPois:     It protects you from poison +Blink: It lets you blink.
 O - the ring "Wyxu" {rC+ Will+ rCorr Int+5}
   (You found it in a Gauntlet)

   [ring of resist corrosion]

   Int+5:     It affects your intelligence (+5).
   rC+:       It protects you from cold.
   Will+:     It increases your willpower.
   rCorr:     It protects you from acid and corrosion.
 P - the ring of Dazuehok {rF+ Str+4 Int-4 Dex+3 Stlth+}
   (You took it off a deep elf archer on level 3 of the Elven Halls)

   [ring of protection from fire]

   Str+4:     It affects your strength (+4).
   Int-4:     It affects your intelligence (-4).
   Dex+3:     It affects your dexterity (+3).
   rF+:       It protects you from fire.
   Stlth+:    It makes you more stealthy.
 Q - the ring "Trusted Companion" {*Corrode rElec rF+ rC+ Dex+4}
   (You found it on level 3 of the Elven Halls)

   [ring of protection from cold]

   Dex+4:     It affects your dexterity (+4).
   rF+:       It protects you from fire.
   rC+:       It protects you from cold.
   rElec:     It insulates you from electricity.
   *Corrode:  It may corrode you when you take damage.
 V - an amulet of regeneration (around neck)
 Y - the ring of Omoisaen (left hand) {rC+ rN+ Will+ Str+2 Dex+6}
   (You found it on level 3 of the Elven Halls)

   [ring of dexterity]

   Str+2:     It affects your strength (+2).
   Dex+6:     It affects your dexterity (+6).
   rC+:       It protects you from cold.
   rN+:       It protects you from negative energy.
   Will+:     It increases your willpower.
 Z - the ring of Agucyfaz {rCorr AC+4 Str+2}
   (You found it in the Desolation of Salt)

   [ring of protection]

   AC+4:      It affects your AC (+4).
   Str+2:     It affects your strength (+2).
   rCorr:     It protects you from acid and corrosion.
Wands
 D - a wand of light (37)
 M - a wand of digging (4)
 S - a wand of iceblast (25)
Scrolls
 c - 8 scrolls of blinking
 m - 9 scrolls of fog
 p - 4 scrolls of poison
 s - 2 scrolls of enchant armour
 t - 9 scrolls of teleportation
 u - 5 scrolls of fear
 U - 4 scrolls of silence {!r}
Potions
 f - 6 potions of resistance
 i - 9 potions of heal wounds
 j - 5 potions of enlightenment
 k - 4 potions of brilliance
 l - 2 potions of berserk rage {!q}
 n - 2 potions of cancellation
 w - 3 potions of invisibility
 x - 2 potions of might
 z - 8 potions of mutation {!q}
 B - 10 potions of curing
 I - 4 potions of haste
 R - 9 potions of ambrosia
Miscellaneous
 e - a lightning rod (4/4)


Message History

Okawaru accepts your kill.
g - a +1 demon trident of draining
Things that are here:
a +3 plate armour of willpower; a +0 kite shield of protection; a demonspawn corpse You drop a +1 demon trident of draining.
You regain access to your magic.
Autopickup is now off.
Things that are here:
a +0 demon trident of electrocution; a +0 scale mail; a +0 kite shield You see here a +2 scythe of venom.
HP restored.
There is a stone staircase leading up here.
You fly upwards.
There is a stone staircase leading down here.
Your magic seems less tainted.
You see here a +0 short sword.
You feel a little less mighty now.
A toenail golem comes into view.
Casting: Manifold Assault (safe; 0% risk of failure)
Confirm with . or Enter, or press ? or * to list all spells.
Charge where?
Press: ? - help, Dir - move target, f - toenail golem
Aim: a toenail golem (97% to hit)
You charge forward with an electric crackle!
You carve the toenail golem like a ham!!!!
You destroy the toenail golem!
Okawaru accepts your kill.
HP restored.
There is a stone staircase leading up here.
You feel yourself speed up.
You fly upwards.
There is a stone staircase leading down here.
Your hands slow down.
Aiming: Dig
Press: ? - help, Shift-Dir - straight line, f - you Please select a direction to dig.
This square is covered in magical glow.
The rock shatters into small pieces.
There is a staircase leading out of the dungeon here.
You have escaped!

#.#..~..#.#.# #.#
##.#.~.~.#.#.# #.#
#..A.~.~^#.#.# #..
####...~..~.#.#.# ###
##.....~.A.~.#.#.########
##......~...~.#.#.........
#....~~.~.....#..#########
#...~...~.A...#..........#
#..~....~@.~...#########.#
##..~......~..## #.#
##..~~~~~.~..# #.#
##.......~..# #.#
####.~...~.# #.# #..~..~.#
###.# ###.~.~.# #....
#.~.~.# #.... #..~..#
#....


You could see a seraph and 2 cherubim.

Vanquished Creatures
  2 dread liches
  4 orbs of fire (Zot:5)
  4 ancient liches
  Josephina (Depths:4)
  the Lernaean hydra (Swamp:4)
  3 Killer Klowns (Zot:5)
  5 caustic shrikes (Depths:4)
  5 golden dragons
  Geryon (Hell)
  5 curse toes
  A profane servitor (Abyss:2)
  Norris (Depths:1)
  Jory (Crypt:2)
  4 bone dragons
  3 electric golems (Zot:5)
  8 tentacled monstrosities
  An Ice Fiend (IceCv)
  The ghost of Joey1 the Warrior, an adept MiBe of Trog (Elf:1)
  23 Orb Guardians
  3 liches
  A pandemonium lord (D:5)
  A Hell Sentinel (Zot:3)
  5 titans (Vaults:5)
  Asterion (Vaults:1)
  A deep elf blademaster (Elf:2)
  3 quicksilver dragons
  A deep elf master archer (Elf:3)
  2 ancient champions
  10 sphinxes
  4 death cobs
  Frances (D:14)
  10 storm dragons
  5 draconian monks
  6 shadow dragons
  A thorn hunter (Swamp:1)
  6 tengu reavers (Vaults:5)
  The ghost of Palms the Markshill orc, an adept HOHu of Uskayaw (Swamp:4)
  Roxanne (Swamp:2)
  Aizul (Elf:1)
  A fenstrider witch (Swamp:2)
  The ghost of Doqag the Phalangite, an adept MfHs of Okawaru (Spider:4)
  The ghost of freelancePsychic the Warrior, a journeyman DgFE (D:11)
  11 fire giants
  The ghost of Rubb the Covert, an adept SpEE of Gozag (Spider:4)
  An iron dragon (Vaults:5)
  An imperial myrmidon (Desolation)
  A demonspawn warmonger (D:3)
  An emperor scorpion (Spider:4)
  Louise (Elf:1)
  12 deep elf sorcerers
  2 balrugs
  22 vault wardens
  A draconian knight (Zot:1)
  3 frost giants
  3 draconian scorchers
  5 curse skulls
  5 ghost moths
  5 deep elf elementalists
  8 draconian stormcallers
  An orc warlord (Vaults:2)
  4 war gargoyles
  5 ghouls
  A cacodemon (Zot:1)
  5 draconian shifters
  A broodmother (Spider:2)
  A demonspawn corrupter (D:3)
  18 ironbound preservers
  A reaper (D:3)
  4 formless jellyfish
  10 stone giants
  6 ironbound thunderhulks
  A caustic shrike skeleton (Crypt:3)
  A juggernaut skeleton (Hell)
  5 vampire knights
  Nessos (D:14)
  8 black draconians
  An elemental wellspring (Hell)
  6 draconian annihilators
  20 very ugly things
  3 eleionomae
  7 green draconians
  10 deep elf demonologists
  A minotaur (Gauntlet)
  2 dire elephants
  11 deep elf annihilators
  Azrael (D:14)
  6 purple draconians (Zot:1)
  A halazid warlock (Desolation)
  4 red draconians
  7 white draconians
  6 bunyips
  7 yellow draconians
  A blizzard demon (Depths:2)
  9 spark wasps
  2 eidola (Crypt:1)
  9 ettins
  2 merfolk impalers
  An ettin (shapeshifter) (Elf:2)
  13 deep elf death magi
  An acid blob zombie (Crypt:1)
  3 shambling mangroves (Swamp:4)
  4 crystal guardians (Desolation)
  2 jiangshi (Depths:4)
  7 fire dragons
  6 ragged hierophants (Desolation)
  5 deep elf high priests
  12 yaktaur captains
  8 servants of whispers (Desolation)
  29 vault guards
  2 spriggan zombies (Crypt:2)
  7 peacekeepers (Desolation)
  8 entropy weavers
  28 hydras
  2 caustic shrike simulacra
  2 ghost crabs
  A rakshasa (Depths:1)
  3 ogre magi
  8 ice dragons
  A catoblepas (D:10)
  9 alligators
  A jorogumo (Spider:3)
  7 boulder beetles
  7 radroaches
  9 great orbs of eyes
  4 spriggan air magi
  24 centaur warriors
  3 two-headed ogres
  A merfolk avatar (Lair:5)
  A fenstrider witch skeleton (Crypt:2)
  4 spriggan skeletons (Crypt:3)
  2 death knights (Crypt:2)
  8 ironbound frosthearts
  2 vampire magi
  3 tengu warriors
  18 death yaks
  5 demonic crawlers
  7 deep troll shamans
  3 orc high priests
  30 dancing weapons
  8 deep troll earth magi
  Sonja (D:10)
  An Orb Guardian skeleton (Crypt:2)
  5 spriggan berserkers
  8 sun demons
  26 deep elf knights
  10 hell knights (Crypt:3)
  12 spriggans
  2 fire crabs (shapeshifter) (Vaults:5)
  A soul eater (Crypt:2)
  9 iron trolls
  4 skysharks
  A sun moth (Spider:4)
  4 pharaoh ants
  A bunyip zombie (Crypt:2)
  31 skeletal warriors
  An anaconda zombie (Hell)
  3 death drakes
  A sea snake (Lair:5)
  2 spriggan druids
  5 goliath frogs
  11 orb spiders
  A shadow demon (Depths:1)
  20 deep elf archers
  4 glowing orange brains
  58 deep trolls
  An obsidian statue (IceCv)
  3 flayed ghosts
  12 bog bodies
  2 anaconda skeletons (Crypt:3)
  8 steelbarb worms
  36 deep elf zephyrmancers
  19 wizards
  3 bunyip skeletons
  14 swamp dragons
  2 starcursed masses (Abyss:2)
  7 orc knights
  A lindwurm (shapeshifter) (Elf:1)
  13 phantasmal warriors
  6 necromancers
  An iron giant skeleton (Crypt:3)
  8 spriggan simulacra
  33 ironbound convokers
  6 lindwurms
  24 wolf spiders
  3 salamanders (shapeshifter)
  37 deep elf pyromancers
  47 ugly things
  4 cyclopes
  2 shining eyes (Zot:3)
  A goliath frog skeleton (Crypt:1)
  7 manticores
  4 orc sorcerers
  11 will-o-the-wisps
  A salamander (D:15)
  A naga zombie (Crypt:3)
  A toenail golem (D:2)
  14 moths of wrath
  Joseph (D:10)
  4 black mambas
  17 elephants
  An apocalypse crab (Abyss:2)
  20 vault sentinels
  An elephant (shapeshifter) (Elf:1)
  3 guardian serpents (Desolation)
  5 gargoyles
  6 torpor snails
  2 unseen horrors
  3 molten gargoyles (Desolation)
  A titan simulacrum (Depths:4)
  An eye of devastation (Depths:4)
  2 orange demons (Zot:1)
  3 smoke demons
  Maggie (D:7)
  15 cane toads
  A cane toad (shapeshifter) (D:15)
  4 freezing wraiths
  2 kobold demonologists
  30 yaktaurs
  2 anaconda simulacra
  A yaktaur (shapeshifter) (Elf:2)
  A dire elephant skeleton (Crypt:2)
  10 rime drakes
  6 komodo dragons
  9 ice devils (IceCv)
  An efreet (Zot:5)
  Jeremiah (D:6)
  5 red devils (Crypt:3)
  5 tengu conjurers
  4 meliai
  5 bloated husks
  A hydra zombie (Crypt:1)
  A golden dragon simulacrum (Depths:4)
  3 guardian mummies (Crypt:3)
  10 trolls
  19 blink frogs
  A shadow dragon simulacrum (Depths:4)
  A hellwing (Abyss:2)
  24 tarantellas
  10 tyrant leeches
  24 hornets
  Grinder (D:4)
  66 saltlings
  3 snapping turtles (Lair:5)
  A hydra skeleton (Crypt:3)
  A wind drake (Lair:5)
  2 alligator simulacra (IceCv)
  9 dream sheep (Lair:3)
  An ettin zombie (Hell)
  2 guardian serpent skeletons (Crypt:2)
  5 flying skulls (Gauntlet)
  A spriggan (shapeshifter) (Elf:2)
  29 jumping spiders
  An iron dragon simulacrum (Depths:4)
  17 culicivoras
  3 shadows (Crypt:3)
  A vampire (D:11)
  3 air elementals
  A centaur simulacrum (D:14)
  34 slime creatures
  54 yaks
  8 water elementals
  7 wyverns
  15 wraiths
  A dire elephant simulacrum (IceCv)
  5 fire elementals
  A redback (shapeshifter) (Vaults:3)
  A golden eye (shapeshifter) (Elf:2)
  4 steam dragons
  3 basilisks
  A chaos spawn (Abyss:2)
  51 redbacks
  21 humans (D:14)
  5 golden eyes (Zot:3)
  13 small abominations
  7 vampire mosquitoes
  9 wargs
  8 minotaur simulacra (IceCv)
  14 swamp worms
  Edmund (D:5)
  A hydra simulacrum (IceCv)
  3 harpy simulacra
  9 water moccasins
  A hell hound (D:14)
  13 swamp drakes
  2 floating eyes (Depths:4)
  A naga skeleton (Crypt:3)
  17 orc warriors
  7 large abominations
  4 black bears
  An ice beast (D:7)
  A black bear (shapeshifter) (D:15)
  9 wolves
  10 centaurs
  10 boggarts
  9 ogres
  A blink frog skeleton (Crypt:1)
  An elephant skeleton (Crypt:1)
  A phantom (D:6)
  16 bullfrogs
  A komodo dragon zombie (Crypt:1)
  Blork the orc (D:7)
  A salamander zombie (Crypt:1)
  A kobold brigand (D:13)
  3 necrophages
  5 scorpions
  6 deep troll simulacra (IceCv)
  4 earth elementals
  3 wights (D:8)
  4 lindwurm simulacra (IceCv)
  14 killer bees
  4 howler monkeys
  A raiju skeleton (Crypt:2)
  6 electric eels
  12 jellies
  A wolf skeleton (Crypt:2)
  4 hounds
  A quasit (Abyss:2)
  A human zombie (Crypt:1)
  15 orc priests
  A gnoll bouda (Lair:3)
  A human skeleton (Crypt:1)
  4 iguanas
  17 orc wizards
  A sleepcap (D:6)
  An acid dragon skeleton (Crypt:2)
  16 mummies
  4 adders
  An adder (shapeshifter) (Vaults:5)
  2 shadow imps
  2 white imps
  2 ufetubi
  A worm (D:2)
  3 dart slugs
  90 orcs
  4 bats
  4 endoplasms
  7 giant cockroaches
  3 goblins
  6 hobgoblins
  9 jackals
  4 quokkas
  7 ball pythons
  3 frilled lizards
  A goblin zombie (Crypt:1)
  10 kobolds
  7 rats
2369 creatures vanquished.

Vanquished Creatures (others)
  2 deep elf knights (Elf:1)
  A spriggan druid (Swamp:2)
  A wizard (D:14)
  An ugly thing (Vaults:4)
  A blink frog (Lair:5)
  A large abomination (D:5)
  A water elemental (Elf:1)
  A redback (Spider:4)
  16 foxfires
25 creatures vanquished.

Grand Total: 2394 creatures vanquished

Notes
Turn   | Place    | Note
-------+----------+-------------------------------------------
     0 | D:1      | elliptic the Djinni Warper began the quest for the Orb.
     0 | D:1      | elliptic set off with the following spells memorised:
                  | Blink, Lesser Beckoning, Teleport Other, Manifold Assault,
                  | Vhi's Electric Charge.
     0 | D:1      | Reached XP level 1. HP: 18/18 MP: 0/0
   114 | D:1      | Reached XP level 2. HP: 23/23 MP: 0/0
   241 | D:1      | Found a faded altar of an unknown god.
   657 | D:1      | Reached skill level 3 in Long Blades
   657 | D:1      | Reached XP level 3. HP: 27/28 MP: 0/0
   657 | D:1      | Learned a level 1 spell: Magic Dart
  1092 | D:2      | Identified the +0 robe "Fanweruh" {+Blink}
  1232 | D:2      | uh
  1887 | D:3      | Noticed Grinder
  2040 | D:3      | Reached XP level 4. HP: 32/34 MP: 0/0
  2147 | D:3      | Found a glowing golden altar of the Shining One.
  2153 | D:3      | Found a shadowy altar of Dithmenos.
  2158 | D:3      | Became a worshipper of the Shining One
  2160 | D:3      | Found a hide-covered altar of Uskayaw.
  2308 | D:3      | Reached skill level 3 in Fighting
  2881 | D:4      | Noticed a scorpion
  2896 | D:4      | Killed a scorpion
  2897 | D:4      | Reached skill level 3 in Dodging
  2897 | D:4      | Reached XP level 5. HP: 27/40 MP: 0/0
  2897 | D:4      | Learned a level 2 spell: Call Imp
  3100 | D:4      | Reached skill level 3 in Spellcasting
  3100 | D:4      | Reached skill level 3 in Conjurations
  3100 | D:4      | Reached skill level 3 in Hexes
  3100 | D:4      | Reached skill level 3 in Summonings
  3100 | D:4      | Reached skill level 3 in Necromancy
  3100 | D:4      | Reached skill level 3 in Translocations
  3100 | D:4      | Reached skill level 3 in Transmutations
  3100 | D:4      | Reached skill level 3 in Fire Magic
  3100 | D:4      | Reached skill level 3 in Ice Magic
  3100 | D:4      | Reached skill level 3 in Air Magic
  3100 | D:4      | Reached skill level 3 in Earth Magic
  3100 | D:4      | Reached skill level 3 in Poison Magic
  3231 | D:4      | Reached XP level 6. HP: 41/46 MP: 0/0
  3585 | D:4      | ...
  3589 | D:4      | bye
  3590 | D:7      | oh that's a lot of floors
  3869 | D:6      | Reached XP level 7. HP: 50/51 MP: 0/0
  3869 | D:6      | Learned a level 3 spell: Dazzling Flash
  3900 | D:6      | Noticed Jeremiah
  3901 | D:6      | sigh
  3911 | D:6      | Reached skill level 4 in Fighting
  3928 | D:7      | Reached * piety under the Shining One
  4202 | D:6      | Noticed Blork the orc
  4203 | D:6      | okay
  4211 | D:7      | Killed Blork the orc
  4212 | D:7      | Reached skill level 5 in Fighting
  4346 | D:6      | Found a staircase to the Ecumenical Temple.
  4352 | Temple   | Entered the Ecumenical Temple
  4359 | Temple   | Fell from the grace of the Shining One
  4359 | Temple   | Became a worshipper of Warmaster Okawaru
  4393 | D:6      | Reached XP level 8. HP: 48/59 MP: 0/0
  4429 | D:6      | hm
  4533 | D:6      | hi
  4605 | D:5      | Entered Level 5 of the Dungeon
  4643 | D:5      | Noticed Edmund
  4644 | D:5      | hm
  4644 | D:5      | I guess I'll berserk
  4644 | D:5      | eh
  4815 | D:4      | Reached * piety under Okawaru
  4946 | D:4      | Identified the +1 ring mail of Uxioroob {Dex+3}
  4981 | D:4      | Killed Grinder
  4982 | D:4      | Reached skill level 3 in Invocations
  5119 | D:5      | Reached skill level 6 in Long Blades
  5119 | D:5      | Reached XP level 9. HP: 62/65 MP: 0/0
  5119 | D:5      | Learned a level 4 spell: Fulminant Prism
  5207 | D:5      | what
  5210 | D:5      | Killed Edmund
  5762 | D:6      | sigh
  6093 | D:7      | Noticed Maggie
  6094 | D:7      | hi
  6105 | D:7      | oh
  6112 | D:7      | Killed Maggie
  6113 | D:7      | Reached skill level 6 in Dodging
  6912 | D:7      | Reached ** piety under Okawaru
  6913 | D:7      | Reached skill level 9 in Long Blades
  6913 | D:7      | Reached XP level 10. HP: 62/70 MP: 0/0
  7132 | D:8      | Reached skill level 6 in Fighting
  7394 | D:8      | Found a staircase to the Lair.
  7476 | D:8      | Found Xoleat's Neck Hole.
  7690 | D:8      | Reached skill level 7 in Fighting
  7759 | D:8      | Identified the +2 leather armour "Voacu" {Regen+ Slay+2}
  8504 | D:8      | Bought an amulet of faith for 480 gold pieces
  9279 | D:10     | Entered Level 10 of the Dungeon
  9323 | D:10     | Gained mutation: You are partially covered in iridescent
                  | scales. (AC +2) [potion of mutation]
  9323 | D:10     | Gained mutation: You are covered in fur. (AC +1) [potion of
                  | mutation]
  9323 | D:10     | Gained mutation: You expend health (3 HP) to strengthen
                  | your wands. [potion of mutation]
  9532 | D:10     | Noticed Joseph
  9564 | D:10     | Killed Joseph
  9564 | D:10     | Reached *** piety under Okawaru
  9695 | D:10     | Reached XP level 11. HP: 77/79 MP: 0/0
  9695 | D:10     | Learned a level 5 spell: Metabolic Englaciation
  9725 | D:10     | Reached skill level 6 in Spellcasting
  9725 | D:10     | Reached skill level 6 in Conjurations
  9725 | D:10     | Reached skill level 6 in Hexes
  9725 | D:10     | Reached skill level 6 in Summonings
  9725 | D:10     | Reached skill level 6 in Necromancy
  9725 | D:10     | Reached skill level 6 in Translocations
  9725 | D:10     | Reached skill level 6 in Transmutations
  9725 | D:10     | Reached skill level 6 in Fire Magic
  9725 | D:10     | Reached skill level 6 in Ice Magic
  9725 | D:10     | Reached skill level 6 in Air Magic
  9725 | D:10     | Reached skill level 6 in Earth Magic
  9725 | D:10     | Reached skill level 6 in Poison Magic
  9792 | D:10     | Noticed a manticore
  9793 | D:10     | Noticed a catoblepas
  9867 | D:10     | Reached **** piety under Okawaru
  9905 | D:10     | Killed a manticore
 10097 | D:10     | Noticed Sonja
 10104 | D:10     | Killed Sonja
 10317 | D:10     | Killed a catoblepas
 10317 | D:10     | Reached ***** piety under Okawaru
 10568 | D:11     | Noticed a cyclops
 10590 | D:11     | Killed a cyclops
 10603 | D:11     | HP: 7/79 [electric eel/bolt of electricity (9)]
 10691 | D:11     | Found a runed translucent gate.
 10691 | D:11     | Found a runed translucent gate.
 10691 | D:11     | Found a runed translucent gate.
 10692 | D:11     | Found an opulent altar of Gozag.
 10692 | D:11     | Found Lughaari's Assorted Antiques.
 10692 | D:11     | Noticed a fire giant
 10693 | D:11     | Noticed freelancePsychic's ghost (journeyman DgFE)
 10693 | D:11     | Noticed a boulder beetle
 10693 | D:11     | Noticed a red ugly thing
 10871 | D:11     | Paralysed by a centaur for 3 turns
 10964 | D:11     | Reached skill level 9 in Spellcasting
 10964 | D:11     | Reached skill level 9 in Conjurations
 10964 | D:11     | Reached skill level 9 in Hexes
 10964 | D:11     | Reached skill level 9 in Summonings
 10964 | D:11     | Reached skill level 9 in Necromancy
 10964 | D:11     | Reached skill level 9 in Translocations
 10964 | D:11     | Reached skill level 9 in Transmutations
 10964 | D:11     | Reached skill level 9 in Fire Magic
 10964 | D:11     | Reached skill level 9 in Ice Magic
 10964 | D:11     | Reached skill level 9 in Air Magic
 10964 | D:11     | Reached skill level 9 in Earth Magic
 10964 | D:11     | Reached skill level 9 in Poison Magic
 11035 | D:11     | Reached XP level 12. HP: 84/85 MP: 0/0
 11097 | D:11     | Found a staircase to the Orcish Mines.
 11540 | D:12     | Received a gift from Okawaru
 11618 | D:12     | Acquired a +4 ring of protection
 11794 | Lair:1   | Entered Level 1 of the Lair of Beasts
 12654 | Lair:2   | uh
 12654 | Lair:2   | wait this is bad
 12663 | Lair:2   | Noticed an eight-headed hydra
 12669 | Lair:2   | Killed an eight-headed hydra
 12670 | Lair:2   | Reached skill level 6 in Invocations
 12725 | Lair:2   | Noticed a death yak
 12725 | Lair:2   | Noticed a death yak
 12726 | Lair:2   | uh
 12730 | Lair:2   | Noticed a death yak
 12741 | Lair:2   | Killed a death yak
 12747 | Lair:2   | Killed a death yak
 12747 | Lair:2   | Received a gift from Okawaru
 12754 | Lair:2   | Killed a death yak
 12823 | Lair:2   | Found a gate leading to a gauntlet.
 12835 | Gauntlet | Entered a Gauntlet
 12835 | Gauntlet | Found a transporter.
 12838 | Gauntlet | Found a transporter.
 12840 | Gauntlet | Found a transporter.
 12844 | Gauntlet | Noticed a sixfirhy
 12854 | Gauntlet | Found a transporter.
 12856 | Gauntlet | Found a transporter.
 12866 | Gauntlet | Found a transporter.
 12881 | Gauntlet | Found a transporter.
 12888 | Gauntlet | Noticed a death yak
 12888 | Gauntlet | Noticed a death yak
 12888 | Gauntlet | Noticed a death yak
 12889 | Gauntlet | Noticed a green death
 12890 | Gauntlet | Found a transporter.
 12894 | Gauntlet | Found a runed translucent door.
 12899 | Gauntlet | Noticed an entropy weaver
 12901 | Gauntlet | Found a transporter.
 12915 | Gauntlet | Found a transporter.
 12924 | Gauntlet | Found a transporter.
 12930 | Gauntlet | Found a transporter.
 13049 | Gauntlet | Found a transporter.
 13083 | Gauntlet | Killed a death yak
 13084 | Gauntlet | Reached XP level 13. HP: 85/90 MP: 0/0
 13084 | Gauntlet | Learned a level 5 spell: Irradiate
 13094 | Gauntlet | oh
 13101 | Gauntlet | hm
 13101 | Gauntlet | hm
 13110 | Gauntlet | Received a gift from Okawaru
 13122 | Gauntlet | Found a transporter.
 13126 | Gauntlet | Identified the ring "Wyxu" {rC+ Will+ rCorr Int+5}
 13174 | Gauntlet | Noticed a minotaur
 13188 | Gauntlet | Killed a minotaur
 13194 | Gauntlet | Identified the +8 great sword of False Accusations {drain,
                  | *Rage rC+ Stlth+}
 13196 | Gauntlet | hm
 13675 | Lair:2   | ow
 13676 | Lair:2   | ...
 13783 | Lair:2   | Found a staircase to the Swamp.
 14070 | Lair:3   | Received a gift from Okawaru
 14164 | Lair:3   | Reached ****** piety under Okawaru
 14170 | Lair:3   | Acquired the +2 helmet "Unoyxa" {rN+}
 14170 | Lair:3   | Received a gift from Okawaru
 14184 | Lair:3   | Acquired a +4 double sword of holy wrath
 14184 | Lair:3   | Received a gift from Okawaru
 14271 | Lair:3   | Reached skill level 1 in Shields
 14324 | Lair:3   | Found a hole to the Spider Nest.
 14348 | Lair:4   | Reached skill level 3 in Shields
 14355 | Lair:4   | Received a gift from Okawaru
 14498 | Lair:3   | Reached XP level 14. HP: 68/96 MP: 0/0
 15053 | Lair:4   | Received a gift from Okawaru
 15054 | Lair:4   | Reached skill level 9 in Dodging
 15061 | Lair:4   | Reached skill level 8 in Fighting
 15250 | Lair:4   | Identified the +10 flail of Anguish {heavy, rPois}
 15385 | Lair:4   | Received a gift from Okawaru
 15624 | Lair:4   | Reached skill level 12 in Long Blades
 15756 | Lair:5   | Entered Level 5 of the Lair of Beasts
 15952 | Lair:5   | Received a gift from Okawaru
 15953 | Lair:5   | Reached skill level 3 in Armour
 16203 | Lair:5   | Received a gift from Okawaru
 16574 | Lair:5   | Found a staircase to the Slime Pits.
 16579 | Lair:5   | Reached XP level 15. HP: 98/104 MP: 0/0
 16579 | Lair:5   | Learned a level 6 spell: Summon Cactus Giant
 16599 | Lair:5   | Reached skill level 9 in Fighting
 16669 | Lair:5   | Received a gift from Okawaru
 17153 | Lair:5   | Found the ring of the Octopus King
 17176 | Lair:5   | Identified a ring of the Octopus King {rC+ HP+2 AC+2 EV+2
                  | SH+2}
 17611 | Lair:5   | Received a gift from Okawaru
 17974 | D:6      | Killed Jeremiah
 18454 | Orc:1    | Entered Level 1 of the Orcish Mines
 18457 | Orc:1    | Upgraded the game from 0.31-a0-806-g0bc164a743 to
                  | 0.31-a0-810-ga77100ea1a
 18514 | Orc:1    | Found a bloodstained altar of Trog.
 18550 | Orc:1    | Received a gift from Okawaru
 18775 | Orc:2    | Entered Level 2 of the Orcish Mines
 18834 | Orc:1    | Found Onwuz Amaynn's Distillery.
 18985 | Orc:1    | Bought a potion of curing for 33 gold pieces
 18985 | Orc:1    | Bought a potion of heal wounds for 55 gold pieces
 18985 | Orc:1    | Bought a potion of curing for 33 gold pieces
 19012 | Orc:2    | Reached skill level 12 in Spellcasting
 19012 | Orc:2    | Reached skill level 12 in Conjurations
 19012 | Orc:2    | Reached skill level 12 in Hexes
 19012 | Orc:2    | Reached skill level 12 in Summonings
 19012 | Orc:2    | Reached skill level 12 in Necromancy
 19012 | Orc:2    | Reached skill level 12 in Translocations
 19012 | Orc:2    | Reached skill level 12 in Transmutations
 19012 | Orc:2    | Reached skill level 12 in Fire Magic
 19012 | Orc:2    | Reached skill level 12 in Ice Magic
 19012 | Orc:2    | Reached skill level 12 in Air Magic
 19012 | Orc:2    | Reached skill level 12 in Earth Magic
 19012 | Orc:2    | Reached skill level 12 in Poison Magic
 19099 | Orc:2    | Found a staircase to the Elven Halls.
 19281 | Orc:2    | Received a gift from Okawaru
 19336 | Orc:2    | Found Moawadok's Armour Shoppe.
 19340 | Orc:2    | Found Hoicih's Book Shoppe.
 19421 | Orc:2    | Found Cifa But's Antique Armour Shop.
 19616 | Orc:2    | Found Laast's Antique Armour Shoppe.
 19635 | Orc:2    | Reached XP level 16. HP: 90/112 MP: 0/0
 19921 | D:13     | Reached skill level 10 in Fighting
 20050 | D:13     | Received a gift from Okawaru
 20549 | D:14     | Noticed Nessos
 20560 | D:14     | Killed Nessos
 20638 | D:14     | Noticed Azrael
 20649 | D:14     | Killed Azrael
 20844 | D:14     | Identified the +6 short sword of Agiun {flame, rF+ Will++}
 20940 | D:14     | Reached skill level 15 in Long Blades
 21015 | D:14     | Found a gate to the Vaults.
 21027 | D:14     | Received a gift from Okawaru
 21419 | D:14     | Noticed Frances
 21434 | D:14     | Killed Frances
 21667 | D:15     | Entered Level 15 of the Dungeon
 22056 | D:15     | Received a gift from Okawaru
 22311 | D:15     | Paralysed by an ogre mage for 2 turns
 22412 | D:15     | Reached skill level 11 in Fighting
 22464 | D:15     | Found a staircase to the Depths.
 22693 | D:11     | Killed a fire giant
 22694 | D:11     | Reached XP level 17. HP: 76/121 MP: 0/0
 22694 | D:11     | Learned a level 6 spell: Death Channel
 22707 | D:11     | Killed freelancePsychic's ghost
 22707 | D:11     | Received a gift from Okawaru
 22765 | D:11     | Bought a scroll of enchant weapon for 187 gold pieces
 22766 | D:11     | Bought a scroll of enchant armour for 187 gold pieces
 22913 | Spider:1 | Entered Level 1 of the Spider Nest
 23196 | Spider:1 | Reached skill level 12 in Fighting
 23239 | Spider:1 | HP: 25/125 [culicivora (17)]
 24010 | Spider:2 | Reached skill level 13 in Fighting
 24376 | Spider:2 | Reached skill level 14 in Fighting
 24791 | Spider:3 | Reached skill level 15 in Fighting
 24832 | Spider:3 | Acquired a manual of Ice Magic
 24911 | Spider:3 | Received a gift from Okawaru
 25221 | Spider:3 | Reached XP level 18. HP: 120/138 MP: 0/0
 25546 | Spider:4 | Entered Level 4 of the Spider Nest
 25715 | Spider:4 | Identified the +2 cloak of Macaroni {rElec Dex+6}
 25723 | Spider:4 | nice
 26036 | Spider:4 | Received a gift from Okawaru
 26108 | Spider:4 | Found a runed translucent gate.
 26108 | Spider:4 | Found a runed translucent gate.
 26108 | Spider:4 | Found a runed translucent gate.
 26113 | Spider:4 | Noticed Rubb's ghost (adept SpEE)
 26113 | Spider:4 | Noticed Doqag's ghost (adept MfHs)
 26725 | Spider:4 | Reached skill level 15 in Ice Magic
 26827 | Spider:4 | Received a gift from Okawaru
 26955 | Spider:4 | Got a gossamer rune of Zot
 27425 | Swamp:1  | Entered Level 1 of the Swamp
 27511 | Swamp:1  | Received a gift from Okawaru
 27530 | Swamp:1  | Found a frozen archway.
 27630 | IceCv    | Entered an ice cave
 27710 | IceCv    | Reached XP level 19. HP: 139/143 MP: 0/0
 27710 | IceCv    | Learned a level 6 spell: Simulacrum
 27712 | IceCv    | Reached skill level 12 in Dodging
 27990 | IceCv    | Received a gift from Okawaru
 28051 | IceCv    | Noticed an Ice Fiend
 28078 | IceCv    | Killed an Ice Fiend
 28126 | IceCv    | Identified the ring of Dim Light {Ice SInv}
 28730 | Swamp:2  | hi
 28778 | Swamp:2  | Paralysed by a fenstrider witch for 4 turns
 29081 | Swamp:2  | Reached skill level 6 in Armour
 29206 | Swamp:2  | Noticed Roxanne
 29216 | Swamp:2  | Killed Roxanne
 29520 | Swamp:3  | Received a gift from Okawaru
 29680 | Swamp:3  | Reached skill level 16 in Fighting
 29937 | Swamp:4  | Entered Level 4 of the Swamp
 29942 | Swamp:4  | Noticed Palms's ghost (adept HOHu)
 29946 | Swamp:4  | Found a runed translucent gate.
 29946 | Swamp:4  | Found a runed translucent gate.
 29948 | Swamp:4  | Found a runed translucent gate.
 30057 | Swamp:4  | Received a gift from Okawaru
 30173 | Swamp:4  | Noticed a tentacled monstrosity
 30178 | Swamp:4  | Killed a tentacled monstrosity
 30597 | Swamp:4  | Reached skill level 17 in Fighting
 30604 | Swamp:4  | Reached XP level 20. HP: 140/155 MP: 0/0
 30750 | Swamp:4  | Noticed the 27-headed Lernaean hydra
 30758 | Swamp:4  | Received a gift from Okawaru
 30764 | Swamp:4  | Killed the 17-headed Lernaean hydra
 30875 | Swamp:4  | Got a decaying rune of Zot
 31007 | Swamp:4  | Killed Palms's ghost
 31010 | Swamp:4  | Reached skill level 18 in Fighting
 31066 | Swamp:4  | Identified the ring "Sekharu" {rC+ rN+ Str+3 Int-2 Stlth+}
 31368 | Elf:1    | Entered Level 1 of the Elven Halls
 31522 | Elf:1    | Found a crumbling gateway.
 31539 | Desolati | Entered the Desolation of Salt
 31558 | Desolati | Received a gift from Okawaru
 31629 | Desolati | Reached skill level 19 in Fighting
 31923 | Desolati | Reached skill level 15 in Dodging
 32044 | Desolati | Identified the ring of Agucyfaz {rCorr AC+4 Str+2}
 32186 | Desolati | Received a gift from Okawaru
 32246 | Desolati | Reached XP level 21. HP: 81/166 MP: 0/0
 32246 | Desolati | Learned a level 7 spell: Enfeeble
 32420 | Desolati | Identified the +5 chain mail of Didusy {Rampage Str-4 Int+9
                  | Dex+2}
 32507 | Desolati | Identified the +5 ring mail of Olaus {rN++ Str+8}
 32589 | Desolati | Identified the +10 orcbow "Axkiow Ovoz" {elec, rPois rF+
                  | Dex+2}
 32641 | Desolati | Identified the ring "Onket" {+Blink rPois rC+ AC+4 Str-5}
 33132 | Elf:1    | Received a gift from Okawaru
 33199 | Elf:1    | Found a runed translucent gate.
 33200 | Elf:1    | Found a runed translucent gate.
 33200 | Elf:1    | Noticed Joey1's ghost (adept MiBe)
 33201 | Elf:1    | Found a runed translucent gate.
 33344 | Elf:1    | Noticed Aizul
 33356 | Elf:1    | Noticed Louise
 33357 | Elf:1    | hi
 33359 | Elf:1    | hm
 33362 | Elf:1    | Killed Aizul
 33370 | Elf:1    | Killed Louise
 33455 | Elf:1    | Reached skill level 15 in Spellcasting
 33455 | Elf:1    | Reached skill level 15 in Conjurations
 33455 | Elf:1    | Reached skill level 15 in Hexes
 33455 | Elf:1    | Reached skill level 15 in Summonings
 33455 | Elf:1    | Reached skill level 15 in Necromancy
 33455 | Elf:1    | Reached skill level 15 in Translocations
 33455 | Elf:1    | Reached skill level 15 in Transmutations
 33455 | Elf:1    | Reached skill level 15 in Fire Magic
 33455 | Elf:1    | Reached skill level 15 in Air Magic
 33455 | Elf:1    | Reached skill level 15 in Earth Magic
 33455 | Elf:1    | Reached skill level 15 in Poison Magic
 33727 | Elf:1    | Killed Joey1's ghost
 33757 | Elf:1    | Identified the +2 pair of boots "Juma" {rF+ rCorr Dex+4}
 33858 | Elf:2    | Reached skill level 18 in Ice Magic
 33969 | Elf:2    | Received a gift from Okawaru
 34386 | Elf:2    | Found a huge runed translucent gate.
 34386 | Elf:2    | Found a huge runed translucent gate.
 34386 | Elf:2    | Found a huge runed translucent gate.
 34386 | Elf:2    | Found a huge runed translucent gate.
 34390 | Elf:2    | Found a huge runed translucent gate.
 34726 | Elf:2    | Received a gift from Okawaru
 34732 | Elf:2    | Reached XP level 22. HP: 145/172 MP: 0/0
 34952 | Elf:3    | Entered Level 3 of the Elven Halls
 35077 | Elf:3    | Found Vycvad's Weapon Emporium.
 35582 | Orc:2    | Bought a pearl-encrusted scale mail for 225 gold pieces
 35582 | Orc:2    | Identified the +6 scale mail of Calculation {rElec Str-2
                  | Int+6 Dex+3 Slay-5} (You bought it in a shop on level 2 of
                  | the Orcish Mines)
 35601 | Orc:2    | eh
 35796 | Vaults:1 | Entered Level 1 of the Vaults
 35929 | Vaults:1 | Received a gift from Okawaru
 36454 | Vaults:1 | Noticed Asterion
 36455 | Vaults:1 | hi
 36455 | Vaults:1 | too late sadly, nice weapon though
 36462 | Vaults:1 | Killed Asterion
 36556 | Vaults:1 | Received a gift from Okawaru
 36563 | Vaults:1 | Identified the +4 broad axe "Worm" {heavy, Int+4 Dex+3}
 36653 | Vaults:1 | Reached skill level 9 in Invocations
 37873 | Vaults:2 | Received a gift from Okawaru
 37978 | Vaults:2 | Reached XP level 23. HP: 151/178 MP: 0/0
 37978 | Vaults:2 | Learned a level 7 spell: Monstrous Menagerie
 37984 | Vaults:2 | Reached skill level 12 in Invocations
 38108 | Vaults:3 | Found a staircase to the Crypt.
 38181 | Vaults:3 | Reached skill level 21 in Ice Magic
 38390 | Vaults:3 | Identified the +1 robe "Xomezosch" {Will+ Int-2 Stlth+
                  | Archmagi}
 38394 | Vaults:3 | maybe?
 38517 | Vaults:3 | Received a gift from Okawaru
 38757 | Vaults:3 | Reached skill level 18 in Spellcasting
 38757 | Vaults:3 | Reached skill level 18 in Conjurations
 38757 | Vaults:3 | Reached skill level 18 in Hexes
 38757 | Vaults:3 | Reached skill level 18 in Summonings
 38757 | Vaults:3 | Reached skill level 18 in Necromancy
 38757 | Vaults:3 | Reached skill level 18 in Translocations
 38757 | Vaults:3 | Reached skill level 18 in Transmutations
 38757 | Vaults:3 | Reached skill level 18 in Fire Magic
 38757 | Vaults:3 | Reached skill level 18 in Air Magic
 38757 | Vaults:3 | Reached skill level 18 in Earth Magic
 38757 | Vaults:3 | Reached skill level 18 in Poison Magic
 38889 | Vaults:3 | Received a gift from Okawaru
 39012 | Vaults:3 | Identified the +0 robe "Xizewn" {Str+2 Slay+3}
 39322 | Vaults:4 | Reached skill level 6 in Shields
 39720 | Vaults:4 | Received a gift from Okawaru
 40228 | Vaults:4 | Reached XP level 24. HP: 157/186 MP: 0/0
 40348 | Crypt:1  | Entered Level 1 of the Crypt
 40433 | Crypt:1  | Reached skill level 20 in Fighting
 40578 | Crypt:1  | Received a gift from Okawaru
 41160 | Crypt:2  | Noticed Jory
 41181 | Crypt:2  | oh
 41183 | Crypt:2  | Killed Jory
 41410 | Crypt:2  | Reached skill level 21 in Fighting
 41802 | Crypt:3  | Entered Level 3 of the Crypt
 41843 | Crypt:3  | Received a gift from Okawaru
 42128 | Crypt:3  | Found the +27 heavy crossbow "Sniper" {heavy, Acc+∞ SInv}
 42382 | Crypt:3  | Identified the +4 orcbow of the Lusting Coward {elec, rC++
                  | Int+3}
 42496 | Crypt:3  | Identified the staff "Imann" {rF- rN+ Dex+4 SInv Earth}
 42509 | Crypt:3  | Identified the +0 orcbow of the Hand {heavy, rPois Dex-3
                  | SInv}
 42661 | Crypt:3  | Reached skill level 22 in Fighting
 42731 | Crypt:3  | Identified the ring "Dipigrig" {rF+ rN+ Str+6 Int-5}
 42731 | Crypt:3  | Identified the ring of the Lusting Gods {rF+ rN+ Str+2
                  | Int+2}
 42770 | Crypt:3  | Received a gift from Okawaru
 42914 | Crypt:3  | Found a staircase to the Tomb.
 42914 | Crypt:3  | Noticed a dread lich
 42921 | Crypt:3  | Killed a dread lich
 43021 | Crypt:3  | Noticed an ancient lich
 43035 | Crypt:3  | Killed an ancient lich
 43056 | Crypt:3  | Reached skill level 18 in Dodging
 43064 | Crypt:3  | Noticed an ancient lich
 43072 | Crypt:3  | Killed an ancient lich
 43116 | Crypt:3  | Identified the +0 chain mail of Voxyut {rN+}
 43212 | Crypt:2  | meh
 43421 | Depths:1 | Entered Level 1 of the Depths
 43426 | Depths:1 | Reached XP level 25. HP: 150/199 MP: 0/0
 43426 | Depths:1 | Learned a level 8 spell: Disjunction
 43470 | Depths:1 | Received a gift from Okawaru
 43511 | Depths:1 | Noticed Norris
 43526 | Depths:1 | Killed Norris
 43652 | Depths:1 | Reached skill level 9 in Armour
 43652 | Depths:1 | Reached skill level 9 in Shields
 43801 | Depths:1 | Found a gateway to Hell.
 43925 | Depths:1 | Acquired a staff of air
 44150 | Depths:2 | Found a shimmering altar of Xom.
 44414 | Depths:2 | Received a gift from Okawaru
 44539 | Depths:2 | Identified the +0 shadow dragon scales of Foolhardiness
                  | {Str+3 Stlth++++}
 44972 | Depths:2 | Found Veuxteski's Jewellery Emporium.
 45026 | Depths:2 | Found a one-way gate leading to the halls of Pandemonium.
 45174 | Depths:3 | Found a runed translucent gate.
 45174 | Depths:3 | Found a runed translucent gate.
 45174 | Depths:3 | Found a runed translucent gate.
 45175 | Depths:3 | Noticed Janeylunn's ghost (veteran GnWn)
 45293 | Depths:3 | Received a gift from Okawaru
 45477 | Depths:3 | Found a corrupted altar of Lugonu.
 45478 | Depths:3 | Found a one-way gate to the infinite horrors of the Abyss.
 45556 | Abyss:2  | Cast into level 2 of the Abyss (a wizard)
 45557 | Abyss:2  | sigh
 45788 | Depths:3 | Escaped the Abyss
 45981 | Depths:3 | Received a gift from Okawaru
 46324 | Depths:3 | Identified the +2 scimitar "Jyloz" {flame, rCorr}
 46365 | Depths:4 | Entered Level 4 of the Depths
 46368 | Depths:4 | Identified the ring "Vokoh" {Ice rElec Int+2 SInv Stlth-}
 46368 | Depths:4 | Noticed Josephina
 46375 | Depths:4 | Reached XP level 26. HP: 180/205 MP: 0/0
 46379 | Depths:4 | Killed Josephina
 46582 | Depths:4 | Found a one-way gateway to a ziggurat.
 46597 | Depths:4 | Received a gift from Okawaru
 46800 | Depths:4 | Found a gate to the Realm of Zot.
 46941 | Depths:4 | Received a gift from Okawaru
 46945 | Depths:4 | Reached skill level 23 in Fighting
 47415 | Depths:4 | Found a sacrificial altar of Ru.
 48230 | Spider:4 | Killed Rubb's ghost
 48231 | Spider:4 | Killed Doqag's ghost
 48760 | Elf:3    | Identified the +1 battleaxe of Callousness {protect, rElec}
 48760 | Elf:3    | Identified the ring of Dazuehok {rF+ Str+4 Int-4 Dex+3
                  | Stlth+}
 48947 | Elf:3    | Received a gift from Okawaru
 48963 | Elf:3    | Reached skill level 24 in Fighting
 49094 | Elf:3    | Identified the ring of Mistrust {MP+9 Str+3}
 49145 | Elf:3    | Identified the ring "Fymmiet" {Str+6 SInv Stlth+}
 49234 | Elf:3    | Identified the staff "Gulofeott" {rF+ rN++ Int-2 Fire}
 49266 | Elf:3    | Identified the +3 leather armour "Vaur" {rN+ Will+ Str+2}
 49329 | Elf:3    | Identified the ring "Trusted Companion" {*Corrode rElec rF+
                  | rC+ Dex+4}
 49331 | Elf:3    | Identified the ring of Omoisaen {rC+ rN+ Will+ Str+2 Dex+6}
 49668 | Hell     | Entered the Vestibule of Hell
 49668 | Hell     | Noticed Geryon
 49677 | Hell     | Reached XP level 27. HP: 196/219 MP: 0/0
 49677 | Hell     | Learned a level 9 spell: Chain Lightning
 49677 | Hell     | eh
 49677 | Hell     | fine
 49689 | Hell     | Killed Geryon
 49983 | Orc:2    | Bought the +5 scale mail of the Rose {+Blink Regen+} for
                  | 731 gold pieces
 49993 | Orc:2    | eh
 50350 | Vaults:5 | Entered Level 5 of the Vaults
 50507 | Vaults:5 | Received a gift from Okawaru
 50581 | Vaults:5 | Reached skill level 25 in Fighting
 50680 | Vaults:5 | Noticed an ancient lich
 50692 | Vaults:5 | Killed an ancient lich
 50785 | Vaults:5 | Identified the +1 quarterstaff of Ileliade {protect, rN+
                  | Str+2 Dex-2}
 50800 | Vaults:5 | Received a gift from Okawaru
 51028 | Vaults:5 | Reached skill level 26 in Fighting
 51042 | Vaults:5 | Identified the ring "Guvogg" {Fire Str+3 Int+4 Dex-5}
 51264 | Vaults:5 | Acquired a manual of Air Magic
 51310 | Vaults:5 | Got a silver rune of Zot
 51312 | Vaults:5 | Identified the +1 scale mail of Parlour Games {-Tele
                  | Rampage Dex+9}
 51316 | Vaults:5 | Noticed a dread lich
 51331 | Vaults:5 | Killed a dread lich
 51331 | Vaults:5 | Received a gift from Okawaru
 51435 | Vaults:5 | Identified the +8 orcbow "Cugasumm" {freeze, rCorr Dex+3}
 51606 | Vaults:5 | Found the +7 hand cannon "Mule" {flame, backblast, rF+}
 51634 | Vaults:5 | Identified the +4 quarterstaff "Kos Rit" {drain, *Corrode
                  | rElec rC+ Str+5 Dex-3}
 52154 | D:11     | Bought a potion of mutation for 200 gold pieces
 52154 | D:11     | Bought a scroll of fear for 100 gold pieces
 52218 | Orc:1    | Bought a potion of enlightenment for 55 gold pieces
 52218 | Orc:1    | Bought a potion of might for 44 gold pieces
 52515 | Zot:1    | Entered Level 1 of the Realm of Zot
 52521 | Zot:1    | hm
 52525 | Zot:1    | hm
 52570 | Depths:4 | this is sort of annoying
 52586 | Zot:1    | Reached skill level 27 in Fighting
 52639 | Zot:1    | HP: 45/228 [purple draconian/bolt of dispelling energy[a
                  | red draconian scorcher] (27)]
 52667 | Zot:1    | sigh
 52667 | Zot:1    | why are there 50 dracs right here
 52767 | Zot:1    | Received a gift from Okawaru
 52779 | Zot:1    | Reached skill level 21 in Dodging
 53180 | Zot:3    | what even
 53564 | Zot:3    | what even
 53705 | Zot:4    | Received a gift from Okawaru
 53718 | Zot:5    | Entered Level 5 of the Realm of Zot
 53730 | Zot:5    | what
 53857 | Zot:5    | eh
 54234 | Zot:5    | Noticed an electric golem
 54239 | Zot:5    | Noticed an orb of fire
 54241 | Zot:5    | Noticed an orb of fire
 54242 | Zot:5    | Killed an electric golem
 54243 | Zot:5    | Noticed a Killer Klown
 54243 | Zot:5    | Noticed a Killer Klown
 54245 | Zot:5    | Killed an orb of fire
 54245 | Zot:5    | Gained mutation: You have a pair of small antennae on your
                  | head. [an orb of fire]
 54246 | Zot:5    | Noticed a Killer Klown
 54247 | Zot:5    | Killed a Killer Klown
 54247 | Zot:5    | Killed a Killer Klown
 54248 | Zot:5    | Killed an orb of fire
 54249 | Zot:5    | Reached skill level 24 in Ice Magic
 54252 | Zot:5    | Noticed an electric golem
 54253 | Zot:5    | Killed a Killer Klown
 54256 | Zot:5    | Killed an electric golem
 54267 | Zot:5    | Noticed an orb of fire
 54271 | Zot:5    | Gained mutation: You are frail. (-10% HP) [an orb of fire]
 54273 | Zot:5    | Killed an orb of fire
 54274 | Zot:5    | Reached skill level 21 in Air Magic
 54274 | Zot:5    | Lost mutation: You are partially covered in iridescent
                  | scales. (AC +2) [potion of mutation]
 54274 | Zot:5    | Lost mutation: You are frail. (-10% HP) [potion of
                  | mutation]
 54274 | Zot:5    | Lost mutation: You expend health (3 HP) to strengthen your
                  | wands. [potion of mutation]
 54274 | Zot:5    | Gained mutation: You are dopey. (Int -2) [potion of
                  | mutation]
 54274 | Zot:5    | Gained mutation: Your natural rate of healing is unusually
                  | fast. [potion of mutation]
 54302 | Zot:5    | Received a gift from Okawaru
 54306 | Zot:5    | Noticed an orb of fire
 54310 | Zot:5    | Killed an orb of fire
 54323 | Zot:5    | Got the Orb of Zot
 54323 | Zot:5    | Noticed an electric golem
 54346 | Zot:5    | Killed an electric golem
 54346 | Zot:5    | Noticed an ancient lich
 54348 | Zot:5    | Killed an ancient lich
 54358 | Zot:5    | Noticed Boholl the pandemonium lord
 54829 | D:5      | Noticed Xylaz the pandemonium lord
 54836 | D:5      | Killed Xylaz the pandemonium lord
 54881 | D:5      | Noticed Vuullal the pandemonium lord
 54881 | D:5      | Noticed an ancient lich
 55000 | D:1      | Noticed a seraph
 55000 | D:$      | Escaped with the Orb!

Levels and vault maps discovered:
D:1:      ebering_trefoil_3fold, layout_basic,
          chequers_ecumenical_altar_simple_redux
D:2:      mumra_celtic_spiral_tile, layout_basic
D:3:      layout_loops_ring, nicolae_overflow_macrodata_refinement, uniq_grinder
D:4:      layout_basic, minmay_fractal_squares_5
D:5:      layout_loops_ring, chequers_jeans, serial_bayou_pond_c, nrook_uturn,
          uniq_edmund
D:6:      layout_rooms, minmay_temple_entry_hall, uniq_jeremiah,
          uniq_blork_the_orc
D:7:      layout_layer_cave, uniq_maggie
D:8:      layout_basic, erik_lair_orcish_takeover,
          nicolae_shop_sticking_my_neck_out
D:9:      layout_layer_cave
D:10:     nzn_motion_control, layout_irregular_city,
          nicolae_elevator_lobby_asterisk, uniq_sonja, uniq_joseph
D:11:     layout_loops_cross, orc_0_dummy, ebering_ghost_gozag,
          serial_bayou_lake_a
D:12:     layout_roguey [special_room_orc]
D:13:     layout_rooms
D:14:     layout_irregular_city, grunt_vaults_entry_tiered, uniq_azrael,
          uniq_frances, uniq_nessos
D:15:     hangedman_depths_entry_try_elsewhere_first, layout_loops_ring,
          minmay_misc_feat_square
Temple:   nicolae_temple_no_exploring_needed
Lair:1:   layout_loops_ring
Lair:2:   layout_chaotic_city, nicolae_swamp_entry_splash_gauntlet,
          gauntlet_entry_generic, st_stairs_7, nicolae_lair_grove_arrangements
Lair:3:   layout_hall_layers, hellmonk_spider_entry_not_the_bees,
          nicolae_quartered_pool_impasse, dreamdust_gnoll_shepherd
Lair:4:   layout_roguey, lemuel_fruit_tree, grunt_megastairs_3
Lair:5:   gammafunk_lair_ancient_temple, layout_cave_pods,
          minmay_slime_entry_jelly_boxes, basic_altar, grunt_megastairs_2
Swamp:1:  layout_basic_swamp, portal_ice_cave_entry_pillars_three,
          evilmike_swamp_ruin_house_1, swamp_pool2,
          nicolae_swamp_wisp_ring_woods
Swamp:2:  nicolae_swamp_husk_halls, layout_basic_swamp, serial_swamp_ruin,
          hangedman_swamp_ruin_wall, hangedman_swamp_ruin_hall, swamp_pool5,
          uniq_roxanne
Swamp:3:  layout_falls_marsh, nicolae_swamp_fairy_circle
Swamp:4:  swamp_old_school, layout_basic_swamp, gammafunk_ghost_split
Spider:1: layout_cave_pods
Spider:2: nicolae_spider_hilbert_zone_5 [nicolae_spider_hilbert_3_sides_1_open,
          nicolae_spider_hilbert_4_sides_1_open,
          nicolae_spider_hilbert_4_sides_1_open,
          nicolae_spider_hilbert_6_sides_1_open,
          nicolae_spider_hilbert_6_sides_1_open]
Spider:3: layout_spider_delve
Spider:4: spider_rune_water, gammafunk_ghost_cemetery
Orc:1:    layout_diamond_mine, serial_shops, shop, abandoned_shop,
          trog_butcher_becter
Orc:2:    hellmonk_orc_salted, layout_caves
Elf:1:    eino_elf_arrival_shootout, layout_loops_corners,
          gammafunk_ghost_split, portal_desolation_entry_ruin, minivault_28,
          uniq_aizul, uniq_louise
Elf:2:    elven_hall_of_blades_hangedman_alternative
          [nicolae_blade_entry_antechamber], layout_geoelf_octagon,
          nicolae_elf_shapeshifter_party
Elf:3:    minmay_elf_hall_spiked, layout_loops_cross, serial_shops, shop,
          hangedman_glass_teeth
Vaults:1: nicolae_vaults_puzzle_piece, nicolae_vaults_oval_intersection,
          v_misc_11, v_misc_23, nicolae_vaults_offset_grid_hallway_1,
          vaults_room_corners, nicolae_vaults_trapezoid_lopsided_3,
          hangedman_vaults_cutoff, hangedman_vaults_capsules,
          nicolae_vaults_network_square, nicolae_vaults_tetromino_Z_2,
          layout_vaults_big_room, uniq_asterion
Vaults:2: nicolae_vaults_network_periphery, vaults_room_grunt_arrival_ludios,
          ontoclasm_vaults_idyll, nicolae_vaults_six-pack,
          vaults_room_door_hall, nicolae_vaults_network_s,
          nicolae_vaults_storage_closets_3, nicolae_vaults_trapezoid_3,
          vaults_mumra_chevron_long, nicolae_vaults_shipping_containers_4,
          ontoclasm_vaults_fault, layout_vaults_maze_snakey
Vaults:3: nicolae_vaults_meiosis, dpeg_vaults_monster_row, vaults_mumra_hexcomb,
          v_pattern_5, nicolae_vaults_crenellated_ambush,
          nicolae_vaults_big_angled_halls, hangedman_vaults_trim,
          nicolae_vaults_closet_pinwheel_5, v_misc_17, vaults_dpeg_cross,
          nicolae_vaults_house_3, layout_vaults_omnicross, dummy_crypt_entry,
          uniq_margery
Vaults:4: grunt_vaults_hallway_short, hangedman_vaults_variations,
          nicolae_vaults_disjoint_gnomons, nicolae_vaults_lightning_bolt,
          v_pattern_2, grunt_vaults_swirl, nicolae_vaults_frosty_reception,
          nicolae_vaults_mini_display_case, nicolae_vaults_octothorpe,
          nicolae_vaults_trapezoid_1, layout_vaults_ring
Vaults:5
Crypt:1:  layout_misc_corridors, grunt_crypt_arrival_guarded_gate
Crypt:2:  layout_chaotic_city, uniq_jory
Crypt:3:  quadcrypt_mu
Depths:1: layout_cross, grunt_hell_entry_dis_mu, minmay_statues_item,
          laboratory, grunt_megastairs_5, uniq_norris
Depths:2: kennysheep_cluttered_fort, layout_gridville, rand_demon_pan_entry_4,
          xom_teletrap_fun, serial_shops, shop, hangedman_coc_ice_floe,
          infiniplex_staircase_zigzag_4
Depths:3: minmay_tri_stars, layout_gridlike, abyss_entry_flame_altar,
          hell_entry, biasface_ghost_demon_polymorph,
          nicolae_kikubaaqudgha_miasma_corner, infiniplex_staircase_x
Depths:4: evilmike_zot_entry_argh, layout_gridlike, enter_ziggurat_c,
          serial_bayou_ford_a, pf_vacation_house_of_asmodeus,
          minmay_gold_behind_fungi, nicolae_ru_awakened_eye, uniq_josephina
Hell
Zot:1:    layout_cellular_growth
Zot:2:    layout_misc_corridors, st_stairs_10, uniq_tiamat
Zot:3:    layout_cellular_growth, hellmonk_body_bag
Zot:4:    kennysheep_ambush_hall, layout_onion_interference
Zot:5:    layout_misc_corridors

Action                     |  1- 3 |  4- 6 |  7- 9 | 10-12 | 13-15 | 16-18 | 19-21 | 22-24 | 25-27 || total
---------------------------+-------+-------+-------+-------+-------+-------+-------+-------+-------++-------
  Melee: Falchion          |    89 |       |       |       |       |       |       |       |       ||    89
         Short sword       |    35 |   155 |   224 |       |       |       |       |       |       ||   414
         Punch             |       |     3 |     5 |    16 |       |       |       |       |       ||    24
         Dagger            |       |       |    67 |   482 |       |       |       |       |       ||   549
         Scimitar          |       |       |       |   192 |    21 |    36 |   139 |       |       ||   388
         Great sword       |       |       |       |       |   105 |       |       |       |       ||   105
         Double sword      |       |       |       |       |  1176 |  1699 |  1471 |  1812 |  2513 ||  8671
  Throw: Dart              |       |       |       |     1 |     4 |       |       |       |       ||     5
   Cast: Magic Dart        |       |     8 |       |       |       |       |       |       |       ||     8
         Manifold Assault  |       |       |       |    46 |   403 |   731 |   885 |   898 |  1450 ||  4413
         Irradiate         |       |       |       |       |     4 |     7 |     3 |       |       ||    14
         Blink             |       |       |       |       |     1 |     1 |       |     1 |     1 ||     4
         Vhi's Electric Ch |       |       |       |       |       |       |     7 |    23 |     8 ||    38
         Enfeeble          |       |       |       |       |       |       |       |    10 |     6 ||    16
         Metabolic Englaci |       |       |       |       |       |       |       |       |     1 ||     1
 Invoke: Heroism           |       |       |     4 |    10 |     8 |     3 |     5 |       |     4 ||    34
         Finesse           |       |       |       |       |     2 |    11 |    11 |     6 |    20 ||    50
         Receive Weapon    |       |       |       |       |     1 |       |       |       |       ||     1
         Receive Armour    |       |       |       |       |     1 |       |       |       |       ||     1
  Evoke: Wand              |       |       |       |    40 |    20 |     2 |     5 |     1 |    10 ||    78
    Use: Scroll            |     2 |       |     6 |    21 |     4 |     7 |     4 |     3 |    13 ||    60
         Potion            |       |       |     2 |     2 |     2 |     1 |     4 |       |    22 ||    33
   Stab: Paralysed         |       |       |       |     6 |       |       |       |       |       ||     6
         Invisible         |       |       |       |     2 |     3 |       |     1 |       |       ||     6
         Sleeping          |       |       |       |       |     1 |     1 |     1 |     2 |       ||     5
 Armour: Leather armour    |    19 |       |       |   251 |   274 |   325 |   138 |   106 |   123 ||  1236
         Ring mail         |    45 |    84 |   154 |    41 |       |       |       |       |       ||   324
         Skin              |       |       |    48 |       |       |       |       |       |       ||    48
  Dodge: Dodged            |    64 |    75 |   157 |   362 |   402 |   411 |   202 |   214 |   317 ||  2204
  Block: Buckler           |       |       |       |       |   144 |   216 |    97 |   134 |   176 ||   767
